 Dungeon Crawl Stone Soup version 0.23.2-40-g277498a001 (webtiles) character file.

Game seed: 2357540075817454892

44 EWolf27 the Cutter (level 3, 0/24 HPs)
             Began as a Halfling Warper on Sept 22, 2019.
             Succumbed to an adder's poison
             ... on level 5 of the Dungeon.
             The game lasted 00:14:01 (2854 turns).

EWolf27 the Cutter (Halfling Warper)                Turns: 2854, Time: 00:14:01

Health: 0/24       AC:  3    Str: 12    XL:     3   Next: 87%
Magic:  0/5        EV: 15    Int: 11    God:
Gold:   119        SH:  0    Dex: 14    Spells: 1/5 levels left

rFire    . . .     SeeInvis .   a - +0 short sword
rCold    . . .     Gourm    .   (shield restricted)
rNeg     . . .     Faith    .   b - +0 leather armour
rPois    .         Spirit   .   (no helmet)
rElec    .         Reflect  .   (no cloak)
rCorr    .         Harm     .   (no gloves)
MR       .....                  (no boots)
Stlth    +.........             (no amulet)
HPRegen  0.08/turn              (no ring)
MPRegen  0.09/turn              (no ring)

@: lethally poisoned (0 -> -2), very slightly contaminated
A: small, mutation resistance 1
a: no special abilities


You were on level 5 of the Dungeon.
You were not hungry.

You visited 1 branch of the dungeon, and saw 5 of its levels.

You collected 119 gold pieces.

Inventory:

Hand Weapons
 a - a +0 short sword (weapon)
Missiles
 e - 5 tomahawks of dispersal (quivered)
 i - 50 stones
 p - 10 poisoned needles
 s - 7 exploding tomahawks
Armour
 b - a +0 leather armour (worn)
Scrolls
 c - a scroll of noise {unknown}
 d - 2 scrolls of blinking
 h - a scroll of remove curse {unknown}
 j - a scroll of enchant weapon {unknown}
 k - a scroll of amnesia {unknown}
 n - 4 scrolls of identify {unknown}
Potions
 g - a potion of degeneration {unknown}
 l - a potion of haste {unknown}
 m - a potion of ambrosia {unknown}
 o - a potion of heal wounds {unknown}
 r - a potion of cancellation {unknown}
Comestibles
 f - 3 rations


   Skills:
 - Level 1.7 Fighting
 * Level 3.6 Short Blades
 - Level 1.0 Throwing
 - Level 1.1 Armour
 + Level 2.9 Dodging
 - Level 1.5 Spellcasting
 + Level 1.0 Charms
 + Level 3.5 Translocations


You had one spell level left.
You knew the following spells:

 Your Spells              Type           Power        Failure   Level  Hunger
a - Blink                 Tloc           N/A          14%         2    ###....
b - Shroud of Golubria    Chrm/Tloc      #.........   22%         2    ###....

Your spell library contained the following spells:

 Spells                   Type           Power        Failure   Level  Hunger
 Gell's Gravitas          Tloc           #.........   26%         3    ####...
 Lesser Beckoning         Tloc           #.........   26%         3    ####...
 Teleport Other           Tloc           #.......     26%         3    ####...
 Passage of Golubria      Tloc           N/A          65%         4    #####..


Dungeon Overview and Level Annotations

Branches:
Dungeon (5/15)
 Temple: D:4-7

Altars:
Elyvilon
Xom


Innate Abilities, Weirdness & Mutations

You are small and have problems with some larger weapons.
You are somewhat resistant to further mutation.


Message History

There is a stone staircase leading down here.
The phantom hits you!
* * * LOW HITPOINT WARNING * * *
The ogre barely misses you.
You climb downwards.
You hear the sound of rushing water.
There is an entrance to a sewer on this level.
Hurry and find it before the portal rusts away!
Found a shimmering altar of Xom.
There is a stone staircase leading up here.
Casting: Blink (safe; 14% risk of failure)
Confirm with . or Enter, or press ? or * to list all spells.
You miscast Blink.
You are very lightly contaminated with residual magic.
The air around you crackles with energy!
The phantom hits you but does no damage.
Casting: Blink (safe; 14% risk of failure)
Confirm with . or Enter, or press ? or * to list all spells.
You blink.
You enter a teleport trap!
The teleport trap disappears.
Your surroundings seem slightly different.
You die...

#.....#####
#..........
#..§..#
#.WO..#
###.#.#
#(....#
#.^.^.#
#.^_^.#
#.^^§@#
#.....#
#...##..#
##.# #..#
#. ...# #
#..# #..#
...#


You could see a phantom and an ogre.

Vanquished Creatures
  An ooze (D:1)
  A worm (D:2)
  A leopard gecko (D:2)
  7 bats
  5 goblins
  5 hobgoblins
  A quokka (D:2)
  4 frilled lizards
  3 kobolds
  10 rats
38 creatures vanquished.

Notes
Turn   | Place    | Note
-------+----------+-------------------------------------------
     0 | D:1      | EWolf27 the Halfling Warper began the quest for the Orb.
     0 | D:1      | Reached XP level 1. HP: 14/14 MP: 3/3
    23 | D:2      | Found a white marble altar of Elyvilon.
   178 | D:1      | Reached XP level 2. HP: 19/19 MP: 4/4
   329 | D:1      | Learned a level 2 spell: Blink
   332 | D:1      | Learned a level 2 spell: Shroud of Golubria
   826 | D:1      | Reached XP level 3. HP: 24/24 MP: 5/5
  2418 | D:2      | Reached skill level 1 in Charms
  2744 | D:2      | You fall through a shaft for 2 floors!
  2789 | D:4      | Noticed a phantom
  2821 | D:4      | Noticed an ogre
  2837 | D:4      | Noticed an ogre
  2851 | D:4      | HP: 1/24 [phantom (8)]
  2852 | D:5      | Entered Level 5 of the Dungeon
  2852 | D:5      | Found a shimmering altar of Xom.
  2854 | D:5      | Succumbed to an adder's poison

Skill      XL: |  1  2  3 |
---------------+----------+-----
Short Blades   | 3 |  3.6
Charms         | 1 |  1.0
Fighting       | |  1.7
Throwing       | |  1.0
Armour         | |  1.1
Dodging        | |  2.9
Spellcasting   | |  1.5
Translocations | |  3.5

Action                   || total
-------------------------++-------
Melee: Short sword       ||   155
 Cast: Blink             ||     4
       Shroud of Golubri ||     1
 Stab: Distracted        ||     1
       Sleeping          ||     1
  Eat: Chunk             ||     3
       Ration            ||     1
Armor: Leather armour    ||    25
Dodge: Dodged            ||   108
